 Dungeon Crawl Stone Soup version 0.20.0-15-g7f486f2 (webtiles) character file.

105 FeralThallid the Stinger (level 4, -3/27 HPs)
             Began as an Octopode Venom Mage on June 29, 2017.
             Slain by Robin
             ... wielding a +3 short sword of venom
              (6 damage)
             ... on level 2 of the Dungeon on July 2, 2017.
             The game lasted 00:29:24 (3529 turns).

FeralThallid the Stinger (Octopode Venom Mage)      Turns: 3529, Time: 00:29:27

Health: -3/27      AC:  1    Str:  7    XL:     4   Next: 83%
Magic:  5/7        EV: 13    Int: 18    God:
Gold:   116        SH:  0    Dex: 12    Spells: 1/7 levels left

rFire    x . .     SeeInvis .   g - -1 rapier (curse)
rCold    + . .     Gourm    .   (no shield)
rNeg     . . .     Faith    .   (helmet restricted)
rPois    .         Spirit   .   (no amulet)
rElec    .         Reflect  .   c - ring of ice
rCorr    .         Harm     .   (no ring)
MR       .....                  (no ring)
Stlth    +++.......             (no ring)
Regen    0.1/turn               (no ring)
MPRegen  0.1/turn               (no ring)
                                (no ring)
                                (no ring)

@: lethally poisoned (-3 -> -9)
A: almost no armour, stealthy swim, amphibious, 8 rings, constrict 8, camouflage
1, gelatinous body 1
a: no special abilities


You were on level 2 of the Dungeon.
You were not hungry.

You visited 1 branch of the dungeon, and saw 3 of its levels.

You collected 116 gold pieces.

Inventory:

Hand Weapons
 e - a +0 mace
 g - a cursed -1 rapier (weapon)
Jewellery
 c - a ring of ice (left tentacle)
Wands
 d - a wand of lightning (8/15)
Books
 a - a Young Poisoner's Handbook

   Spells                             Type                      Level
   a - Sting                          Conjuration/Poison           1
   b - Poisonous Vapours              Poison/Air                   2
   c - Mephitic Cloud                 Conjuration/Poison/Air       3
   d - Olgreb's Toxic Radiance        Poison                       4
   e - Venom Bolt                     Conjuration/Poison           5
Comestibles
 b - a bread ration
 f - 4 fruits


   Skills:
 + Level 0.6 Fighting
 + Level 0.6 Short Blades
 + Level 1.0 Maces & Flails
 + Level 2.2 Dodging
 + Level 3.6 Stealth
 + Level 0.2 Unarmed Combat
 + Level 2.4 Spellcasting
 + Level 1.5 Conjurations
 + Level 0.6 Air Magic
 + Level 4.6 Poison Magic


You had one spell level left.
You knew the following spells:

 Your Spells              Type           Power        Failure   Level  Hunger
a - Sting                 Conj/Pois      ##..         4%          1    #......
b - Poisonous Vapours     Pois/Air       ##....       9%          2    ##.....
c - Mephitic Cloud        Conj/Pois/Air  ##......     21%         3    ###....


Dungeon Overview and Level Annotations

Branches:
Dungeon (3/15)

Altars:

Annotations:
D:2 Robin


Innate Abilities, Weirdness & Mutations

You cannot wear most types of armour.
You are very stealthy in the water. (Stealth+)
You are amphibious.
You can wear up to eight rings at the same time.
You can use your tentacles to constrict eight enemies at once.
Your skin changes colour to match your surroundings (Stealth+).
Your rubbery body absorbs attacks. (AC +1, EV +1)


Message History

* * * LOW HITPOINT WARNING * * *
You feel sick.
Casting: Sting
Confirm with . or Enter, or press ? or * to list all spells.
Aiming: Sting
Press: ? - help, Shift-Dir - straight line, f - Robin
Aim: Robin, wielding a short sword of venom, wearing an animal skin and wearing a helmet The sting misses Robin.
Robin closely misses you.
Casting: Sting
Confirm with . or Enter, or press ? or * to list all spells.
Aiming: Sting
Press: ? - help, Shift-Dir - straight line, f/p - Robin
Aim: Robin, wielding a short sword of venom, wearing an animal skin and wearing a helmet The sting hits Robin.
Robin is moderately wounded.
* * * LOW HITPOINT WARNING * * *
You feel sick.
Robin says, "My army is invincible!"
Robin hits you with a short sword of venom.
You die...

####### #.....#
#.....##########
#.....#.........
#.....#.........
###)....#.........
#.)>....'....†(.(.
#g#.[...#.........
#@#.....#.........
#.#.....#.........
#.#.....#.........
#.################
#.# # #.# # #.# #
#.# ####### #.#
#......


You could see Robin.

Vanquished Creatures
  An orc wizard (D:3)
  An adder (D:2)
  A worm (D:2)
  2 dart slugs
  3 leopard geckos
  3 orcs
  3 bats
  A giant cockroach (D:2)
  13 goblins
  11 hobgoblins
  3 jackals (D:2)
  A quokka (D:2)
  A ball python (D:1)
  2 frilled lizards (D:1)
  5 kobolds
  5 rats
56 creatures vanquished.

Notes
Turn   | Place    | Note
-------+----------+-------------------------------------------
     0 | D:1      | FeralThallid the Octopode Venom Mage began the quest for the Orb.
     0 | D:1      | Reached XP level 1. HP: 11/11 MP: 3/3
    77 | D:1      | Reached XP level 2. HP: 15/17 MP: 1/5
    78 | D:1      | Reached skill level 4 in Poison Magic
   134 | D:1      | Learned a level 2 spell: Poisonous Vapours
  1019 | D:2      | Reached XP level 3. HP: 20/21 MP: 2/6
  1113 | D:2      | Learned a level 3 spell: Mephitic Cloud
  2012 | D:2      | Reached XP level 4. HP: 21/27 MP: 1/7
  2836 | D:3      | Noticed Robin
  2840 | D:3      | Reached skill level 1 in Maces & Flails
  3529 | D:2      | Slain by Robin

Skill      XL: |  1  2  3  4 |
---------------+-------------+-----
Poison Magic   | 4 |  4.6
Stealth        | 3 |  3.6
Maces & Flails | 1 |  1.0
Fighting       | |  0.6
Short Blades   | |  0.6
Dodging        | |  2.2
Unarmed Combat | |  0.2
Spellcasting   | |  2.4
Conjurations   | |  1.5
Air Magic      | |  0.6

Action                   |  1- 3 |  4- 6 || total
-------------------------+-------+-------++-------
Melee: Unarmed           |    12 |       ||    12
       Constrict         |    10 |     7 ||    17
       Tentacles         |     5 |     5 ||    10
       Mace              |     8 |       ||     8
       Rapier            |     6 |    30 ||    36
 Cast: Sting             |    36 |    30 ||    66
       Poisonous Vapours |    13 |     1 ||    14
  Use: Scroll            |     5 |       ||     5
       Potion            |     1 |       ||     1
 Stab: Distracted        |     1 |       ||     1
  Eat: Meat ration       |     1 |       ||     1
       Bread ration      |       |     1 ||     1
Armor: Skin              |     6 |     3 ||     9
Dodge: Dodged            |    28 |    37 ||    65
